 Dungeon Crawl Stone Soup version 0.29-a0-275-g389c0b56f3 (webtiles) character file.

Game seed: 6834971222044042827

17684 frimble the Fighter (level 12, -7/93 HPs)
             Began as a Djinni Cinder Acolyte on Mar 10, 2022.
             Was an Initiate of Cheibriados.
             Mangled by a fire elemental (9 damage)
             ... created by the fiery vengeance of Ignis
             ... on level 1 of the Lair of Beasts.
             The game lasted 00:28:41 (19998 turns).

frimble the Fighter (Djinni Cinder Acolyte)        Turns: 19998, Time: 00:28:42

Health: -7/93      AC:  6    Str: 14    XL:     12   Next: 85%
Gold:   815        EV: 12    Int: 21    God:    Cheibriados [......] SH:  5 Dex: 11

rFire   . . .      SeeInvis .   u - +2 dagger (venom)
rCold   x . .      Faith    .   p - +0 buckler
rNeg    . . .      Spirit   .   y - +2 robe {Will+}
rPois   ∞          Reflect  .   (no helmet)
rElec   .          Harm     .   (no cloak)
rCorr   .          Rampage  .   i - +1 pair of gloves
Will    ++...                   (boots unavailable)
Stlth   ++........              (no amulet)
HPRegen 0.25/turn               (no ring)
MPRegen 0.00/turn               (no ring)

@: about to teleport, flying, fire susceptible, very slow
A: sickness immunity, fire resistance 2, cold vulnerability 1, float, innate
caster, HP casting, extra vitality 1
a: Renounce Religion


You were on level 1 of the Lair of Beasts.
You worshipped Cheibriados.
Cheibriados was noncommittal.
You visited 3 branches of the dungeon, and saw 14 of its levels.
You also visited: Ice Cave.

You collected 890 gold pieces.
You spent 75 gold pieces at shops.

Inventory:

Hand Weapons
 a - a +0 short sword of flaming
 u - a +2 dagger of venom (weapon)
 w - a +3 short sword
Missiles
 r - 15 throwing nets
Armour
 e - a +0 kite shield
 i - a +1 pair of gloves (worn)
 p - a +0 buckler (worn)
 y - a +2 robe of willpower (worn)
 D - a +0 helmet
 E - a scarf of repulsion
Wands
 b - a wand of flame (11)
 j - a wand of charming (1)
 q - a wand of digging (9)
 v - a wand of paralysis (2)
Scrolls
 f - 3 scrolls of silence
 h - 2 scrolls of teleportation
 o - 3 scrolls of magic mapping
 A - a scroll of enchant weapon
 B - a scroll of brand weapon
Potions
 c - 3 potions of lignification
 d - 3 potions of heal wounds
 g - 4 potions of curing
 k - 3 potions of brilliance {unknown}
 l - 3 potions of haste {unknown}
 m - a potion of mutation
 n - 4 potions of flight
 s - 7 potions of might {unknown}
 t - 2 potions of cancellation {unknown}
 z - a potion of ambrosia {unknown}
Miscellaneous
 x - a phantom mirror (inert)


   Skills:
 + Level 10.9 Fighting
 + Level 10.0 Short Blades
 - Level 4.0 Dodging
 - Level 4.0 Stealth
 - Level 6.1 Shields
 + Level 7.2 Spellcasting
 + Level 0.4 Invocations
 - Level 6.5 Evocations


You had 10 spell levels left.
You knew the following spells:

 Your Spells              Type           Power      Damage    Failure   Level
a - Scorch                Fire           76%        2d9       1%          2
b - Pain                  Necr           100%       1d9       1%          1
c - Wereblood             Tmut           38%        N/A       1%          2
d - Confusing Touch       Hex            38%        N/A       1%          3
e - Stone Arrow           Conj/Erth      76%        3d11      1%          3
f - Animate Dead          Necr           19%        N/A       5%          4
Your spell library was empty.

Dungeon Overview and Level Annotations

Branches:
Dungeon (12/15)            Temple (1/1) D:7            Lair (1/6) D:11
  IceCv (visited)
    Orc: D:9-12

Altars:
Ashenzari
Cheibriados
Dithmenos
Elyvilon
Fedhas
Gozag
Hepliaklqana
Kikubaaqudgha
Makhleb
Okawaru
Qazlal
Ru
Sif Muna
Trog
Uskayaw
Vehumet
Wu Jian
Xom
Yredelemnul
Zin
The Shining One

Shops:
D:8 *

Annotations:
D:5 1 runed translucent door, Crazy Yiuf


Innate Abilities, Weirdness & Mutations

You are immune to sickness and miasma.
You are immune to poison.
Your flesh is very heat resistant. (rF++)
You are vulnerable to cold. (rC-)
You float through the air rather than walking.
You learn spells naturally, not from books.
Your magical power is your life essence.
You have superior vitality. (+4 MHP)


Message History

Aiming: Stone Arrow (safe; 1% risk of failure)
Press: ? - help, Shift-Dir - straight line, f/p - fire elemental
Aim: a fire elemental (severely damaged, durably summoned, 67% to hit)
The stone arrow hits the fire elemental.
The fire elemental is almost destroyed.
The fire elemental hits you. The fire elemental burns you!
The fire elemental hits you. The fire elemental burns you!
Casting: Stone Arrow (safe; 1% risk of failure)
Confirm with . or Enter, or press ? or * to list all spells.
Aiming: Stone Arrow (safe; 1% risk of failure)
Press: ? - help, Shift-Dir - straight line, f/p - fire elemental
Aim: a fire elemental (almost destroyed, durably summoned, 67% to hit)
The stone arrow hits the fire elemental.
The fire elemental is almost destroyed.
The fire elemental hits you. The fire elemental burns you!
The fire elemental hits you. The fire elemental burns you!
* * * LOW HITPOINT WARNING * * *
Okay, then.
Unknown command.
You feel much better. The fire elemental barely misses you.
The fire elemental hits you. The fire elemental burns you!
* * * LOW HITPOINT WARNING * * *
The fire elemental barely misses you. The fire elemental hits you.
The fire elemental burns you!
* * * LOW HITPOINT WARNING * * *
Okay, then.
Unknown command.
Casting: Stone Arrow (safe; 1% risk of failure)
Confirm with . or Enter, or press ? or * to list all spells.
Okay, then.
Okay, then.
Unknown command.
Okay, then.
Unknown command.
As you read the scroll of teleportation, it crumbles to dust.
You feel strangely unstable. The fire elemental hits you.
The fire elemental burns you!
* * * LOW HITPOINT WARNING * * *
The fire elemental hits you. The fire elemental burns you!
You die...

#...#...##.##P#....#
#..................##
##.#.....##.........#
###.....##P........#
####..########...#
##.# ##.### #.##
####...# #..#
#......# #@P#
#......# #EE.#
#....†......
.E....##.##...####
.....$.##. #†..#
.......... ......
............ ....###
###.......... ....#
##..##...## ....


You could see 3 fire elementals.

Vanquished Creatures
  Snorg (D:11)
  A hydra (Lair:1)
  A two-headed ogre (D:11)
  3 death yaks (D:11)
  Sonja (D:11)
  Pikel (D:4)
  A deep elf pyromancer (D:11)
  2 ugly things (D:11)
  A manticore (D:11)
  A gargoyle (D:12)
  2 cane toads (Lair:1)
  An unseen horror (D:12)
  Psyche (D:9)
  Maggie (D:9)
  A kobold demonologist (D:11)
  A komodo dragon (D:8)
  A troll (D:9)
  Grinder (D:3)
  8 yaks
  3 vampires (D:9)
  2 wraiths
  Eustachio (D:5)
  A steam dragon (D:9)
  Menkaure (D:4)
  An acid dragon (D:10)
  5 orc warriors
  2 sky beasts (D:6)
  2 black bears
  4 ice beasts
  3 wolves (Lair:1)
  An ogre (D:4)
  6 centaurs
  2 lemures (D:4)
  A phantom (D:5)
  5 kobold brigands
  2 bullfrogs
  5 scorpions
  5 gnoll sergeants
  3 necrophages
  17 wights
  8 killer bees
  2 howler monkeys (D:9)
  4 jellies
  5 gnoll shamans (D:7)
  4 hounds
  9 orc priests
  6 iguanas
  9 orc wizards
  9 adders
  34 gnolls
  2 white imps
  2 ufetubi (D:5)
  A worm (D:4)
  A dart slug (D:5)
  24 orcs
  8 ball pythons
  8 endoplasms
  A giant cockroach (D:3)
  9 goblins
  3 hobgoblins
  10 jackals
  2 quokkas
  4 bats
  A frilled lizard (D:1)
  15 kobolds
  3 rats
286 creatures vanquished.

Vanquished Creatures (collateral kills)
  3 yaks (D:11)
  A killer bee (D:10)
4 creatures vanquished.

Vanquished Creatures (others)
  A wight (D:9)
  A killer bee (D:10)
  118 foxfires
  3 plants (D:3)
123 creatures vanquished.

Grand Total: 413 creatures vanquished

Notes
Turn   | Place    | Note
-------+----------+-------------------------------------------
     0 | D:1      | frimble the Djinni Cinder Acolyte began the quest for the
                  | Orb.
     0 | D:1      | Reached XP level 1. HP: 20/20 MP: 0/0
   390 | D:1      | Found a faded altar of an unknown god.
   436 | D:1      | Reached XP level 2. HP: 25/25 MP: 0/0
  1225 | D:2      | Reached XP level 3. HP: 22/30 MP: 0/0
  1225 | D:2      | Learned a level 1 spell: Pain
  1947 | D:2      | Found a hide-covered altar of Uskayaw.
  2515 | D:3      | Noticed Grinder
  2520 | D:3      | Killed Grinder
  2521 | D:3      | Reached XP level 4. HP: 38/38 MP: 0/0
  2521 | D:3      | Reached XP level 5. HP: 42/42 MP: 0/0
  2521 | D:3      | Learned a level 2 spell: Wereblood
  2521 | D:3      | Reached XP level 6. HP: 48/48 MP: 0/0
  3877 | D:4      | Noticed Menkaure
  3879 | D:4      | Killed Menkaure
  3880 | D:4      | Reached XP level 7. HP: 45/53 MP: 0/0
  3880 | D:4      | Learned a level 3 spell: Confusing Touch
  3881 | D:4      | Reached skill level 5 in Fighting
  4897 | D:5      | Entered Level 5 of the Dungeon
  5072 | D:5      | Found a runed translucent door.
  5073 | D:5      | Noticed Crazy Yiuf
  5133 | D:5      | Reached skill level 5 in Short Blades
  5133 | D:5      | Reached XP level 8. HP: 53/60 MP: 0/0
  5379 | D:5      | Found a basalt altar of Yredelemnul.
  5564 | D:5      | Noticed Eustachio
  5569 | D:5      | Killed Eustachio
  5798 | D:5      | Reached skill level 5 in Spellcasting
  5877 | D:5      | Reached XP level 9. HP: 36/67 MP: 0/0
  5877 | D:5      | Learned a level 3 spell: Stone Arrow
  6587 | D:4      | Noticed Pikel
  6598 | D:4      | Killed Pikel
  7316 | D:6      | Reached skill level 1 in Dodging
  7316 | D:6      | Reached skill level 1 in Stealth
  7437 | D:6      | Reached skill level 1 in Evocations
  8120 | D:6      | Reached XP level 10. HP: 64/76 MP: 0/0
  9627 | D:7      | Found a staircase to the Ecumenical Temple.
 10847 | D:7      | Identified the +8 war axe of Fragile Peace {spect, rPois
                  | Str-3 Dex+5}
 11081 | D:7      | Reached skill level 1 in Shields
 12346 | D:8      | Noticed a komodo dragon
 12354 | D:8      | Killed a komodo dragon
 12878 | D:8      | Found Ischerr's Assorted Antiques.
 12885 | D:8      | Bought a lumpy amethyst potion for 25 gold pieces
 12885 | D:8      | Bought 2 glowing blue potions for 50 gold pieces
 13334 | D:9      | Reached XP level 11. HP: 74/82 MP: 0/0
 13334 | D:9      | Learned a level 4 spell: Animate Dead
 13679 | D:9      | Identified the +1 chain mail of the Dwarven Hall {rF-
                  | Int+9}
 13687 | D:9      | Noticed Maggie
 13695 | D:9      | Killed Maggie
 14048 | D:9      | Noticed Psyche
 14058 | D:9      | Killed Psyche
 14635 | D:10     | Entered Level 10 of the Dungeon
 16685 | D:11     | Noticed a death yak
 16687 | D:11     | Reached skill level 10 in Fighting
 16842 | D:11     | Noticed a purple ugly thing
 16957 | D:11     | Noticed a death yak
 17000 | D:11     | Noticed Snorg
 17019 | D:11     | Noticed Sonja
 17021 | D:11     | Killed Sonja
 17087 | D:11     | Reached skill level 5 in Evocations
 17207 | D:11     | Noticed a deep elf pyromancer
 17237 | D:11     | Killed a deep elf pyromancer
 17238 | D:11     | Reached XP level 12. HP: 61/91 MP: 0/0
 17447 | D:11     | Found a staircase to the Lair.
 17600 | D:11     | Noticed a death yak
 17676 | D:12     | Found a frozen archway.
 17796 | IceCv    | Entered an ice cave
 18113 | D:11     | Noticed a two-headed ogre
 18208 | D:11     | Killed a two-headed ogre
 18209 | D:11     | Reached skill level 5 in Shields
 19123 | Temple   | Entered the Ecumenical Temple
 19163 | Temple   | Fell from the grace of Ignis
 19163 | Temple   | Became a worshipper of Cheibriados the Contemplative
 19324 | D:11     | Killed a death yak
 19331 | D:11     | Killed a death yak
 19338 | D:11     | Killed a death yak
 19565 | D:11     | Killed Snorg
 19658 | Lair:1   | Entered Level 1 of the Lair of Beasts
 19727 | Lair:1   | Noticed a four-headed hydra
 19732 | Lair:1   | Killed a four-headed hydra
 19735 | Lair:1   | Reached skill level 10 in Short Blades
 19998 | Lair:1   | HP: 2/93 [fire elemental[the fiery vengeance of Ignis]
                  | (14)]
 19998 | Lair:1   | Mangled by a fire elemental

Illustrated notes

Levels and vault maps discovered:
D:1:      matt_arrival_los_fun, layout_basic,
          dreamdust_ecumenical_altar_angels_and_demons, minmay_pentomino_t2
D:2:      layout_basic, basic_altar, kennysheep_doodads, hex_medium
D:3:      layout_basic, minmay_shallow_snake_nest, uniq_grinder
D:4:      layout_gridville, cheibrodos_sewer_entry_bend, minmay_ogre_servants,
          uniq_pikel, uniq_menkaure
D:5:      minmay_bubble_buster, layout_cave_pools, mainiacjoe_overflow_24_doors,
          uniq_eustachio, uniq_crazy_yiuf_cottage
D:6:      layout_basic
D:7:      layout_cave_pools, minmay_temple_entry_wispy, serial_gnoll_camp,
          gnoll_camp_mini_hut, gnoll_camp_mini_sergeant, gnoll_camp_medium_01,
          gnoll_camp_medium_02, gnoll_camp_mini_loothouse
D:8:      layout_loops_ring, serial_shops, shop
D:9:      layout_cross, nicolae_wwwww, grunt_ministairs_7, uniq_psyche,
          uniq_maggie
D:10:     layout_cave_pods, nicolae_fountain_basement
D:11:     layout_irregular_city, dpeg_lair_monsters, solitary_fountain,
          uniq_snorg, uniq_sonja
D:12:     layout_cave_pools, orc_0_dummy, ebering_ghost_xom,
          portal_ice_cave_entry_pillars_1, corner_web_ring,
          hangedman_abyss_or_decor_lesser_grid, uniq_erolcha
Temple:   nicolae_temple_the_god_donut
Lair:1:   layout_misc_corridors, gammafunk_ghost_cemetery, uniq_amaemon

Skill      XL: |  1  2  3  4  5  6  7  8  9 10 11 12 |
---------------+-------------------------------------+-----
Short Blades   | 3 4 5 6 7 8 9 10 | 10.0
Fighting       | 4 5 6 7 8 10 | 10.9
Spellcasting   | 3 4 5 6 7 |  7.2
Dodging        | 1 4 |  4.0
Stealth        | 1 3 4 |  4.0
Evocations     | 1 4 5 6 |  6.5
Shields        | 2 4 6 |  6.1
Invocations    | |  0.4

Action                   |  1- 3 |  4- 6 |  7- 9 | 10-12 || total
-------------------------+-------+-------+-------+-------++-------
Melee: Short sword       |    83 |    26 |    67 |    71 ||   247
       Punch             |       |       |     3 |     1 ||     4
       Dagger            |       |       |       |    47 ||    47
 Cast: Scorch            |    13 |    13 |   109 |    48 ||   183
       Wereblood         |       |     1 |     2 |       ||     3
       Stone Arrow       |       |       |       |   277 ||   277
       Confusing Touch   |       |       |       |     2 ||     2
Invok: Fiery Armour      |       |       |     1 |     2 ||     3
       Foxfire Swarm     |       |       |       |     6 ||     6
Evoke: Wand              |       |       |       |    40 ||    40
       Phantom mirror    |       |       |       |     1 ||     1
  Use: Scroll            |     6 |     2 |     4 |    12 ||    24
       Potion            |     1 |       |       |     2 ||     3
 Stab: Sleeping          |     1 |       |       |     3 ||     4
       Paralysed         |       |       |       |     3 ||     3
Armor: Robe              |    29 |     2 |    22 |    93 ||   146
       Skin              |     3 |       |       |       ||     3
       Steam dragon scal |       |       |       |     2 ||     2
Dodge: Dodged            |    64 |    19 |    75 |   199 ||   357
Block: Buckler           |       |       |       |    14 ||    14

Table legend: (Time is in decaauts)
 A = Elapsed time spent in this place.
 B = Non-inter-level travel time spent in this place.
 C = Inter-level travel time spent in this place.
 D = Time resting spent in this place.
 E = Time spent auto-exploring this place.
 F = Levels seen in this place.
 G = Mean time per level.
                   A        B        C        D        E       F      G
               +--------+--------+--------+--------+--------+-----+--------+
         Total |  20055 |  18969 |   1086 |   2344 |  14165 |  15 | 1337.0 |
       Dungeon |  19622 |  18579 |   1043 |   2146 |  14036 |  12 | 1635.2 |
        Temple |     83 |     40 |     43 |      0 |     21 |   1 |   83.0 |
          Lair |    345 |    345 |      0 |    198 |    108 |   1 |  345.0 |
      Ice Cave |      4 |      4 |      0 |      0 |      0 |   1 |    4.0 |
               +--------+--------+--------+--------+--------+-----+--------+

Top non-repeatable levels by time:
     D:7: 2478 daAuts
     D:6: 2428 daAuts
    D:11: 2288 daAuts
     D:9: 2254 daAuts
     D:4: 1584 daAuts
     D:5: 1570 daAuts
     D:3: 1536 daAuts
    D:10: 1503 daAuts
     D:8: 1317 daAuts
     D:1: 1199 daAuts
     D:2: 1166 daAuts
  Lair:1: 345 daAuts
    D:12: 294 daAuts
  Temple: 83 daAuts
   IceCv: 4 daAuts
